 Dungeon Crawl Stone Soup version 0.17.0-56-gd8de76c (webtiles) character file.

1199 gorblad the Ogre Mage (level 8, -3/77 HPs)
             Began as an Ogre Conjurer on Dec 5, 2015.
             Was a Believer of Dithmenos.
             Slain by Menkaure (18 damage)
             ... in an ossuary.
             The game lasted 00:24:30 (6483 turns).

gorblad the Ogre Mage (Ogre Conjurer)               Turns: 6483, Time: 00:24:30

Health: -3/77      AC:  8    Str: 14    XL:     8   Next: 44%
Magic:  4/16       EV: 15    Int: 16    God:    Dithmenos [**....]
Gold:   351        SH:  2    Dex: 10    Spells: 4 memorised, 8 levels left

rFire  . . .     SeeInvis .     l - +0 giant club
rCold  . . .     Clarity  +     a - +1 robe
rNeg   . . .     SustAt   .     (shield currently unavailable)
rPois  +         Gourm    .     (helmet restricted)
rElec  .         Spirit   .     y - +0 cloak
rCorr  .         Warding  .     (gloves unavailable)
rMut   .         Stasis   .     (boots unavailable)
MR     .....                    f - amulet of regeneration
Stlth  ++........               n - +4 ring of evasion
                                o - ring of wizardry

@: wreathed by umbra, not resistant to hostile enchantments, unstealthy
A: unfitting armour, hooves 1, large bone plates 1, rugged brown scales 1,
clarity, sense surroundings 1, poison resistance, tough skin 1
a: Shadow Step, Renounce Religion


You were in an ossuary.
You worshipped Dithmenos.
Dithmenos was pleased with you.
You were not hungry.

You visited 2 branches of the dungeon, and saw 7 of its levels.
You also visited: Sewer and Ossuary.

You collected 351 gold pieces.

Inventory:

Hand Weapons
 k - a +4 dagger
 l - a +0 giant club (weapon)
Armour
 a - a +1 robe (worn)
 y - a +0 cloak (worn)
Jewellery
 f - an amulet of regeneration (around neck)
 n - a +4 ring of evasion (right hand)
 o - a ring of wizardry (left hand)
Wands
 s - a wand of lightning (7)
 x - a wand of frost (22)
Scrolls
 e - 2 scrolls of identify
 i - 2 scrolls of remove curse
 m - 3 scrolls of amnesia
 p - 2 scrolls of fear
 r - 4 scrolls of teleportation
Potions
 g - a potion of magic
 h - 3 potions of curing
 q - 2 potions of haste
 t - 2 potions of brilliance {unknown}
 u - 4 potions of heal wounds
 v - a potion of flight
 A - a potion of might
Books
 b - a book of Conjurations

   Spells                             Type                      Level
   a - Magic Dart                     Conjuration                  1
   b - Searing Ray                    Conjuration                  2
   c - Dazzling Spray                 Conjuration/Hexes            3
   d - Fulminant Prism                Conjuration/Hexes            4
   e - Iskenderun's Mystic Blast      Conjuration                  4
   f - Iskenderun's Battlesphere      Conjuration/Charms           5
 w - a book of Callings

   Spells                             Type                      Level
   a - Summon Small Mammal            Summoning                    1
   b - Call Imp                       Summoning                    2
   c - Call Canine Familiar           Summoning                    3
   d - Summon Guardian Golem          Hexes/Summoning              3
   e - Summon Lightning Spire         Summoning/Air                4
   f - Summon Ice Beast               Ice/Summoning                4
Comestibles
 c - 5 bread rations
 d - 5 meat rations
 j - a beef jerky


   Skills:
 + Level 3.1 Fighting
 - Level 0.8 Short Blades
 * Level 3.9 Maces & Flails
 + Level 4.4 Dodging
 + Level 2.1 Stealth
 - Level 0.8 Unarmed Combat
 + Level 5.9 Spellcasting
 + Level 4.8 Conjurations


You had 8 spell levels left.
You knew the following spells:

 Your Spells              Type           Power        Failure   Level  Hunger
a - Magic Dart            Conj           ###.         1%          1    None
b - Searing Ray           Conj           ###...       1%          2    #......
c - Dazzling Spray        Conj/Hex       ##......     7%          3    ##.....
d - Iskenderun's Mystic   Conj           ###.....     9%          4    ####...


Dungeon Overview and Level Annotations

Branches:
Dungeon (6/15)             Temple (1/1) D:4

Altars:
Dithmenos
Fedhas
Gozag
Nemelex Xobeh
Okawaru
Ru
Trog
Yredelemnul
Zin
The Shining One

Annotations:
Ossuary Menkaure


Innate Abilities, Weirdness & Mutations

You are too large for most types of armour.
You have tough skin (AC +1).
You have large cloven feet.
You are partially covered in large bone plates (AC +2, SH +2).
You are partially covered in rugged brown scales (AC +1, +3% HP).
You possess an exceptional clarity of mind.
You passively map a small area around you.
Your system is resistant to poisons.


Message History

Menkaure hits you!
* * * LOW HITPOINT WARNING * * *
The mummy closely misses you.
Menkaure gestures ominously.
Menkaure barely misses you.
Menkaure calls on the powers of darkness!
Your body is wracked with pain!
* * * LOW HITPOINT WARNING * * *
Menkaure gestures at you while chanting.
Pain shoots through your body!
* * * LOW HITPOINT WARNING * * *
Casting: Magic Dart
Confirm with . or Enter, or press ? or * to list all spells.
Aiming: Dazzling Spray
Press: ? - help, Shift-Dir - straight line, f - Menkaure, p - mummy
Aim: Menkaure (lightly damaged, fast, umbra)
The spray of energy hits Menkaure.
Menkaure is moderately damaged.
Menkaure hits you!!
You die...

##..##..##..####..##..#
##..##..##..##??##..##..
##.^##..##..##!!.!##..##.
##..##..##..## .?!.!##..##
##..##..##..## ,!∩∩...##..#
##..##..##..## .!....M##..
##..##..##..## ,.?......##.
##..##..##..##############''##
##..##..##....@M....M..M......#
##..##..########################
##..##.^..^......................
#..##############################
........^......^^................
#################################


You could see Menkaure and a mummy.

Vanquished Creatures
  Grinder (D:3)
  Sigmund (D:3)
  2 ogres
  A giant frog (D:4)
  A big kobold (Sewer)
  A crimson imp (D:4)
  A giant frog zombie (D:5)
  A jelly (D:5)
  2 worker ants (D:4)
  3 orc wizards (D:5)
  A mummy (Ossuary)
  8 adders
  7 gnolls
  3 river rats
  An ooze (Sewer)
  3 worms
  2 giant geckos
  14 orcs
  11 giant cockroaches
  3 hobgoblins
  6 jackals
  17 kobolds
  3 quokkas
  4 ball pythons
  8 bats
  A giant gecko skeleton (D:4)
  7 giant newts
  4 gnoll zombies (Ossuary)
  9 goblins
  2 goblin skeletons (Ossuary)
  4 goblin zombies (Ossuary)
  4 hobgoblin skeletons (Ossuary)
  3 hobgoblin zombies (Ossuary)
  2 kobold skeletons (Ossuary)
  3 kobold zombies (Ossuary)
  An orc skeleton (Ossuary)
  A quokka skeleton (D:4)
  A quokka zombie (D:5)
  17 rats
  7 rat skeletons (Ossuary)
  A rat zombie (Ossuary)
  A plant (D:6)
173 creatures vanquished.

Vanquished Creatures (others)
  2 gnoll skeletons (Ossuary)
  A goblin skeleton (Ossuary)
  3 goblin zombies (Ossuary)
  A hobgoblin skeleton (Ossuary)
  A kobold skeleton (Ossuary)
  3 kobold zombies (Ossuary)
  2 orc skeletons (Ossuary)
  2 orc zombies (Ossuary)
  2 rat skeletons (Ossuary)
  2 rat zombies (Ossuary)
  A plant (D:6)
20 creatures vanquished.

Grand Total: 193 creatures vanquished

Notes
Turn   | Place    | Note
--------------------------------------------------------------
     0 | D:1      | gorblad the Ogre Conjurer began the quest for the Orb.
     0 | D:1      | Reached XP level 1. HP: 16/16 MP: 3/3
     1 | D:1      | Reached skill level 3 in Conjurations
   420 | D:1      | Reached XP level 2. HP: 24/24 MP: 3/5
  1027 | D:1      | Gained mutation: You have large cloven feet. [potion of mutation]
  1027 | D:1      | Gained mutation: You passively map a small area around you. [potion of mutation]
  1029 | D:1      | Gained mutation: You possess an exceptional clarity of mind. [potion of mutation]
  1029 | D:1      | Gained mutation: You are partially covered in rugged brown scales (AC +1, +3% HP). [potion of mutation]
  1029 | D:1      | Gained mutation: You are partially covered in large bone plates (AC +2, SH +2). [potion of mutation]
  1040 | D:2      | Reached XP level 3. HP: 32/32 MP: 7/7
  1144 | D:2      | Reached skill level 1 in Fighting
  1434 | D:2      | Reached XP level 4. HP: 16/42 MP: 0/8
  1577 | D:2      | Found an opulent altar of Gozag.
  1706 | D:2      | Found a faded altar to an unknown god.
  2070 | D:2      | Reached XP level 5. HP: 50/50 MP: 7/9
  2156 | D:3      | Learned a level 2 spell: Searing Ray
  2160 | D:3      | Learned a level 3 spell: Dazzling Spray
  2165 | D:3      | Learned a level 4 spell: Iskenderun's Mystic Blast
  2812 | D:3      | Noticed Grinder
  2814 | D:3      | Noticed Sigmund
  2921 | D:3      | Paralysed by Grinder for 7 turns
  2947 | D:3      | Killed Grinder
  2947 | D:3      | Reached skill level 4 in Spellcasting
  2947 | D:3      | Reached XP level 6. HP: 29/58 MP: 1/12
  3117 | D:3      | Killed Sigmund
  3117 | D:3      | Reached XP level 7. HP: 46/67 MP: 4/14
  3373 | D:4      | Found a basalt altar of Yredelemnul.
  3425 | D:4      | Reached skill level 5 in Spellcasting
  3647 | D:4      | Found a staircase to the Ecumenical Temple.
  3745 | Temple   | Entered the Ecumenical Temple
  3952 | Temple   | Became a worshipper of Dithmenos the Shadowed
  4539 | D:5      | Entered Level 5 of the Dungeon
  4617 | D:5      | Reached skill level 1 in Maces & Flails
  4621 | D:5      | Found a glowing drain.
  4647 | Sewer    | Entered a sewer
  4828 | Sewer    | Reached XP level 8. HP: 71/76 MP: 8/16
  4861 | Sewer    | Reached * piety under Dithmenos
  5069 | Sewer    | Gained mutation: Your system is resistant to poisons. [potion of beneficial mutation]
  5564 | D:5      | Found a blossoming altar of Fedhas.
  5887 | D:6      | Reached ** piety under Dithmenos
  5943 | D:6      | Found a sand-covered staircase.
  5953 | Ossuary  | Entered an ossuary
  6459 | Ossuary  | Noticed Menkaure
  6483 | Ossuary  | Slain by Menkaure

Action                   |  1- 3 |  4- 6 |  7- 9 || total
-------------------------+-------+-------+-------++-------
Melee: Unarmed           |    45 |       |       ||    45
       Dagger            |       |    53 |     9 ||    62
       Giant club        |       |       |    95 ||    95
 Cast: Magic Dart        |    66 |    78 |   217 ||   361
       Searing Ray       |       |     4 |    12 ||    16
       Iskenderun's Myst |       |     1 |     3 ||     4
       Dazzling Spray    |       |     1 |     1 ||     2
  Use: Scroll            |     5 |     3 |    12 ||    20
       Potion            |     3 |     3 |     1 ||     7
  Eat: Chunk             |     2 |     7 |     2 ||    11
       Beef jerky        |       |       |     2 ||     2
       Bread ration      |       |       |     1 ||     1
       Meat ration       |       |       |     1 ||     1
